 Dungeon Crawl Stone Soup version 0.26-a0-639-g72c4674329 (webtiles) character file.

Game seed: 13691355877310325420

(classic levelgen) 11148 EnegeticOcto the Cleaver (level 11, 47/100 HPs)
             Began as a Deep Dwarf Fighter on Sept 28, 2020.
             Was an Elder of Makhleb.
             Quit the game on level 11 of the Dungeon.
             The game lasted 00:05:34 (6354 turns).

EnegeticOcto the Cleaver (Deep Dwarf Fighter)       Turns: 6354, Time: 00:05:35

Health: 47/100     AC: 20    Str: 22    XL:     11   Next: 45%
Magic:  0/0        EV:  4    Int: 10    God:    Makhleb [****..]
Gold:   159        SH: 25    Dex: 12    Spells: 10/10 levels left

rFire    . . .     SeeInvis .   a - +0 broad axe
rCold    . . .     Faith    .   y - +7 tower shield of Courage {-Tele rPois rF- rN+++}
rNeg     + + +     Spirit   .   g - +0 plate armour
rPois    +         Reflect  .   s - +2 helmet
rElec    .         Harm     .   (no cloak)
rCorr    +         Rampage  .   w - +0 pair of gloves "Neutt" {rPois rF+ rCorr Stlth-}
MR       +....     NoTele   +   o - +0 pair of boots
Stlth    ..........             (no amulet)
HPRegen  0.00/turn              (no ring)
MPRegen  0.07/turn              (no ring)

@: non-regenerating
A: damage resistance, heal wounds, sense surroundings 2, no regeneration
a: Heal Wounds, Minor Destruction, Lesser Servant of Makhleb, Major Destruction,
Renounce Religion


You were on level 11 of the Dungeon.
You worshipped Makhleb.
Makhleb was greatly pleased with you.
You visited 2 branches of the dungeon, and saw 12 of its levels.

You collected 896 gold pieces.
You spent 737 gold pieces at shops.

Inventory:

Hand Weapons
 a - a +0 broad axe (weapon)
 C - a +0 war axe
Missiles
 p - a throwing net (quivered)
Armour
 b - a +0 scale mail
 c - a +0 kite shield
 g - a +0 plate armour (worn)
 k - a +0 pair of gloves
 o - a +0 pair of boots (worn)
 s - a +2 helmet (worn)
 w - the +0 pair of gloves "Neutt" (worn) {rPois rF+ rCorr Stlth-}
   (You bought it in a shop on level 8 of the Dungeon)

   It protects you from fire.
   It protects you from poison.
   It provides partial protection from all sources of acid and corrosion.
   It makes you less stealthy.
 y - the +7 tower shield of Courage (worn) {-Tele rPois rF- rN+++}
   (You bought it in a shop on level 8 of the Dungeon)

   It makes you vulnerable to fire.
   It protects you from poison.
   It renders you almost immune to negative energy.
   It prevents most forms of teleportation.
Wands
 n - a wand of polymorph (6)
 t - a wand of digging (8) {@v3}
 A - a wand of paralysis (9)
Scrolls
 e - 2 scrolls of blinking
 f - 2 scrolls of teleportation {@r3}
 i - a scroll of silence
 j - 2 scrolls of identify {@r1}
 q - 3 scrolls of remove curse {@r2}
 u - a scroll of magic mapping {@r5}
 x - a scroll of fear
Potions
 d - a potion of might {@q3}
 h - 2 potions of curing {@q1}
 l - a potion of lignification {unknown}
 m - a potion of degeneration {unknown}
 r - a potion of heal wounds {unknown}
 v - a potion of mutation {unknown}
 z - a potion of invisibility {unknown}
 B - 2 potions of resistance {unknown}


   Skills:
 + Level 7.3 Fighting
 * Level 11.3 Axes
 + Level 8.8 Armour
 * Level 10.6 Shields
 + Level 7.6 Invocations


You had 10 spell levels left.
You didn't know any spells.
Your spell library was empty.

Dungeon Overview and Level Annotations

Branches:
Dungeon (11/15)            Temple (1/1) D:7            Lair (0/6) D:8
    Orc (0/2) D:9

Altars:
Gozag
Hepliaklqana
Kikubaaqudgha
Makhleb
Nemelex Xobeh
Okawaru
Qazlal
Ru
Sif Muna
Trog
Vehumet
Wu Jian

Shops:
D:5 ([   D:8 ![*

Annotations:
D:11 Fannar


Innate Abilities, Weirdness & Mutations

You are resistant to damage.
You can heal yourself by infusing magical energy.
You passively map the area around you.
You do not regenerate.


Message History

You hit Fannar.
Fannar is severely wounded.
Fannar says, "Freeze!"
Fannar hits you but does no damage. Fannar freezes you!
You block Fannar's attack.
You closely miss Fannar.
Fannar is severely wounded.
Fannar hits you but does no damage. Fannar freezes you!
You miss Fannar.
Fannar is severely wounded.
Fannar hits you with an uncursed staff of cold.
Fannar freezes you!
You miss Fannar.
Fannar is severely wounded.
Some snowflakes condense on Fannar.
Fannar hits you but does no damage. Fannar freezes you.
You slice Fannar!!
Fannar is almost dead.
Fannar hits you but does no damage. Fannar freezes you.
You barely miss Fannar.
Fannar is almost dead.
Fannar says, "I shall freeze you to your soul!"
Fannar mumbles some strange words.
Fannar drains the heat from the surrounding environment!
You feel very cold.
* * * LOW HITPOINT WARNING * * *
Fannar is frozen.
Fannar resists.
You are too injured to fight recklessly!
You are too injured to fight recklessly!
You are too injured to fight recklessly!
You are too injured to fight recklessly!
You are too injured to fight recklessly!
You are too injured to fight recklessly!
You are too injured to fight recklessly!
You are too injured to fight recklessly!
You are too injured to fight recklessly!
You are too injured to fight recklessly!
You are too injured to fight recklessly!
Your magical essence is drained by the effort!
You feel much better. Fannar hits you but does no damage. Fannar freezes you!
* * * LOW HITPOINT WARNING * * *
You feel much better.
Fannar gestures wildly while chanting.
You completely miss Fannar.
Fannar is almost dead.
You hit the ice beast. Fannar hits you but does no damage. Fannar freezes you!
You block the ice beast's attack.
You hit Fannar.
Fannar is almost dead.
You hit the ice beast.
The ice beast hits you but does no damage.
You block Fannar's attack.
You completely miss Fannar.
Fannar is almost dead.
You slash the ice beast!
The ice beast hits you but does no damage.
Fannar casts a spell.
Fannar blinks!
You hit the ice beast but do no damage.
The ice beast is heavily wounded.
You block the ice beast's attack.
Fannar casts a spell.
You slice the ice beast!!
You kill the ice beast!
You barely miss the ice beast. The ice beast barely misses you.
You hit the ice beast.
The ice beast is lightly wounded.
Fannar gestures at you while chanting.
The bolt of cold hits you but does no damage.
You block the ice beast's attack.
You hit Fannar but do no damage.
Fannar is almost dead.
You closely miss the ice beast.
The ice beast hits you but does no damage.
Fannar hits you but does no damage. Fannar freezes you!
You are too injured to fight recklessly!
You are too injured to fight recklessly!
You are too injured to fight recklessly!
You are too injured to fight recklessly!
You are too injured to fight recklessly!
You are too injured to fight recklessly!
You are too injured to fight recklessly!
You are too injured to fight recklessly!
You are too injured to fight recklessly!
You are too injured to fight recklessly!
You feel much better.
The ice beast hits you but does no damage.
Fannar hits you but does no damage. Fannar freezes you!
Your magical essence is drained by the effort!
You feel much better.
Fannar casts a spell.
Fannar blinks!
The ice beast hits you but does no damage.
You block the ice beast's attack.
Fannar casts a spell.
Fannar drains the heat from the surrounding environment!
You feel very cold.
Fannar is frozen.
Fannar resists.
Evoke which item? (* to show all) (? for menu, Esc to quit)
Okay, then.
Are you sure you want to abandon this character and quit the game? (Confirm with "yes".)

###.......#.########..
###........(..###.##.#.. ###
#.......................
##.#####..................###
###...#.(....................#.
###.#...†....^...................
..#..)†.##.......................
................Y....e...........
............##..@................
.............####...^........#...
...................###........#..
..............................#..
........................##...##..
........................###......
.......................##.......#
......................)###.###.##
#.###)..............>...##.....##


You could see Fannar (icy armour) and an ice beast (summoned).

Vanquished Creatures
  Josephine (D:11)
  2 two-headed ogres
  An ugly thing (D:11)
  Joseph (D:9)
  4 centaur skeletons (D:11)
  Maggie (D:9)
  Prince Ribbit (D:9)
  A shadow (D:11)
  3 wraiths (D:11)
  5 yaks (D:9)
  A steam dragon (D:11)
  Menkaure (D:4)
  2 wargs (D:8)
  A soldier ant (D:10)
  A black bear (D:10)
  6 ice beasts
  4 sky beasts
  A necrophage (D:8)
  7 orc warriors
  A centaur (D:9)
  Blork the orc (D:5)
  3 bullfrogs
  A wyvern zombie (D:11)
  A wyvern skeleton (D:8)
  4 scorpions
  12 wights
  11 killer bees
  2 electric eels (D:10)
  2 howler monkeys
  2 quasits
  11 orc priests
  A jelly (D:11)
  A bullfrog skeleton (D:11)
  7 hounds
  5 iguanas
  13 orc wizards
  8 worker ants
  A killer bee zombie (D:5)
  2 hound zombies
  A hound skeleton (D:4)
  A howler monkey zombie (D:11)
  3 gnolls (D:5)
  10 adders
  3 shadow imps
  2 white imps
  2 ufetubi
  A worm (D:3)
  A dart slug (D:1)
  A leopard gecko (D:9)
  45 orcs
  2 ball pythons (D:4)
  3 bats
  2 giant cockroaches
  3 goblins
  6 hobgoblins
  4 jackals (D:5)
  3 quokkas
  A frilled lizard (D:2)
  A jackal skeleton (D:4)
  11 kobolds
  A leopard gecko skeleton (D:4)
  7 rats
247 creatures vanquished.

Vanquished Creatures (others)
  An adder (D:11)
  An orc (D:11)
2 creatures vanquished.

Grand Total: 249 creatures vanquished

Notes
Turn   | Place    | Note
-------+----------+-------------------------------------------
     0 | D:1      | EnegeticOcto the Deep Dwarf Fighter began the quest for the
                  | Orb.
     0 | D:1      | Reached XP level 1. HP: 20/20 MP: 1/1
   117 | D:1      | Reached XP level 2. HP: 24/27 MP: 2/2
   410 | D:3      | Reached skill level 3 in Axes
   410 | D:3      | Reached XP level 3. HP: 24/34 MP: 3/3
   671 | D:4      | HP: 1/34 [orc wizard/puff of flame (12)]
   673 | D:4      | Reached XP level 4. HP: 20/42 MP: 4/4
   730 | D:4      | Reached skill level 4 in Axes
   730 | D:4      | Reached XP level 5. HP: 43/49 MP: 5/5
   815 | D:4      | Found a stormy altar of Qazlal.
   944 | D:4      | Noticed Menkaure
   954 | D:4      | Killed Menkaure
   954 | D:4      | Reached skill level 5 in Axes
   954 | D:4      | Reached XP level 6. HP: 43/57 MP: 6/6
  1001 | D:5      | Entered Level 5 of the Dungeon
  1047 | D:5      | Found Willewn's Weapon Shop.
  1059 | D:5      | Found a sparkling altar of Nemelex Xobeh.
  1219 | D:5      | Noticed Blork the orc
  1228 | D:5      | Killed Blork the orc
  1228 | D:5      | Reached XP level 7. HP: 56/64 MP: 7/7
  1252 | D:5      | Reached skill level 5 in Armour
  1252 | D:5      | Reached skill level 5 in Shields
  1278 | D:5      | Found Etheh's Armour Shoppe.
  1433 | D:5      | Reached skill level 6 in Axes
  2198 | D:6      | Reached XP level 8. HP: 52/73 MP: 8/8
  2363 | D:7      | Found a staircase to the Ecumenical Temple.
  2369 | Temple   | Entered the Ecumenical Temple
  2411 | Temple   | Became a worshipper of Makhleb the Destroyer
  2516 | D:7      | Reached skill level 7 in Axes
  2885 | D:7      | Found a sacrificial altar of Ru.
  2984 | D:8      | Found Poymur's Antique Armour Shop.
  3125 | D:8      | Reached skill level 1 in Invocations
  3136 | D:8      | Reached skill level 5 in Fighting
  3186 | D:8      | Found Sihysiod's General Store.
  3186 | D:8      | Noticed a two-headed ogre
  3198 | D:8      | Killed a two-headed ogre
  3198 | D:8      | Reached skill level 8 in Axes
  3198 | D:8      | Gained mutation: You passively map the area around you.
                  | [Deep Dwarf growth]
  3198 | D:8      | Reached XP level 9. HP: 63/81 MP: 8/10
  3354 | D:8      | Found a staircase to the Lair.
  3467 | D:8      | Reached * piety under Makhleb
  3479 | D:8      | Found Kuekkap's Distillery.
  3909 | D:9      | Reached skill level 9 in Axes
  3949 | D:9      | Noticed Maggie
  3961 | D:9      | Killed Maggie
  3967 | D:9      | Reached skill level 5 in Invocations
  3985 | D:9      | Reached XP level 10. HP: 44/91 MP: 10/10
  4012 | D:9      | Reached ** piety under Makhleb
  4012 | D:9      | Noticed Joseph
  4014 | D:9      | Noticed Prince Ribbit
  4053 | D:9      | Killed Joseph
  4434 | D:9      | Reached skill level 10 in Axes
  4658 | D:9      | Found a bloodstained altar of Trog.
  4711 | D:9      | Killed Prince Ribbit
  4893 | D:9      | Found a staircase to the Orcish Mines.
  4927 | D:10     | Entered Level 10 of the Dungeon
  4929 | D:10     | Found a burning altar of Makhleb.
  5017 | D:8      | Bought a faintly humming tower shield for 256 gold pieces
  5027 | D:8      | Identified the +7 tower shield of Courage {-Tele rPois rF-
                  | rN+++} (You bought it in a shop on level 8 of the Dungeon)
  5277 | D:10     | Reached *** piety under Makhleb
  5602 | D:11     | Identified a scroll of acquirement
  5602 | D:11     | Acquired 510 gold pieces
  5696 | D:8      | Bought a scroll of magic mapping for 49 gold pieces
  5696 | D:8      | Bought the +0 pair of gloves "Neutt" {rPois rF+ rCorr
                  | Stlth-} for 376 gold pieces
  5706 | D:8      | Bought a +0 broad axe for 56 gold pieces
  5885 | D:11     | Noticed Josephine
  5901 | D:11     | Reached skill level 10 in Shields
  5901 | D:11     | Reached XP level 11. HP: 86/99 MP: 11/11
  5901 | D:11     | Noticed a two-headed ogre
  5905 | D:11     | Killed Josephine
  5915 | D:11     | HP: 5/100 [two-headed ogre/+0 giant spiked club (17)]
  5942 | D:11     | Killed a two-headed ogre
  5942 | D:11     | Reached skill level 11 in Axes
  5946 | D:11     | Reached **** piety under Makhleb
  6168 | D:11     | Noticed a white ugly thing
  6192 | D:11     | Killed a white ugly thing
  6303 | D:11     | Noticed Fannar
  6354 | D:11     | Quit the game

Illustrated notes

Levels and vault maps discovered:
D:1:      scummos_arrival_simple_fountains, layout_loops_ring, st_stairs_10
D:2:      layout_rooms, makhleb_altar_promises_db
D:3:      layout_basic, grunt_temple_overflow_open
D:4:      layout_rooms, nicolae_qazlal_eye_of_the_storm, grunt_ministairs_2,
          uniq_menkaure
D:5:      layout_loops_cross, serial_shops, nicolae_shop_crystal,
          nicolae_shop_statue_plus, basic_altar, uniq_blork_the_orc
D:6:      layout_gridville, minmay_misc_feat_doors
D:7:      layout_basic, kennysheep_little_box, minmay_temple_entry_wispy,
          minmay_misc_feat_rugged
D:8:      layout_rooms, erik_lair_orcish_takeover, serial_aquarium,
          aquarium_bridge_island_small [aquarium_subvault_small_open,
          aquarium_subvault_window, aquarium_subvault_bridge,
          aquarium_subvault_wall, aquarium_subvault_bridge], aquarium_window_2,
          aquarium_window_corner, aquarium_view_2d, aquarium_view_2a,
          serial_shops, nicolae_shop_statue_plus, nicolae_shop_trees, shop,
          minivault_26, kennysheep_generic_room_15
D:9:      layout_basic, erik_orc_2, trog_hazing_becter, uniq_joseph,
          uniq_prince_ribbit1, uniq_maggie
D:10:     cheibrodos_helix_gallery, layout_cave_pools, basic_altar
D:11:     layout_cave_pools, uniq_fannar, uniq_josephine
Temple:   eino_temple_rhombus

Skill      XL: |  1  2  3  4  5  6  7  8  9 10 11 |
---------------+----------------------------------+-----
Fighting       | 3 4 5 6 7 |  7.3
Axes           | 3 4 5 6 8 9 10 11 | 11.3
Armour         | 4 5 6 7 8 |  8.8
Shields        | 4 5 7 8 10 | 10.6
Invocations    | 3 5 6 7 |  7.6

Action                   |  1- 3 |  4- 6 |  7- 9 | 10-12 || total
-------------------------+-------+-------+-------+-------++-------
Melee: War axe           |   102 |   117 |   338 |   263 ||   820
       Broad axe         |       |       |       |   200 ||   200
 Abil: Heal Wounds       |     1 |     5 |    13 |    44 ||    63
Evoke: Wand              |       |       |     3 |       ||     3
  Use: Scroll            |       |       |     7 |     5 ||    12
Armor: Scale mail        |    21 |       |       |       ||    21
       Plate armour      |    27 |    74 |   303 |   498 ||   902
Dodge: Dodged            |    21 |    19 |   100 |   127 ||   267
Block: Kite shield       |    53 |    68 |   233 |   209 ||   563
       Tower shield      |       |       |       |   507 ||   507

Table legend: (Time is in decaauts)
 A = Elapsed time spent in this place.
 B = Non-inter-level travel time spent in this place.
 C = Inter-level travel time spent in this place.
 D = Time resting spent in this place.
 E = Time spent auto-exploring this place.
 F = Levels seen in this place.
 G = Mean time per level.
                   A        B        C        D        E       F      G
               +--------+--------+--------+--------+--------+-----+--------+
         Total |   6597 |   6007 |    590 |     20 |   4061 |  12 |  549.8 |
       Dungeon |   6538 |   5963 |    575 |     20 |   4023 |  11 |  594.4 |
        Temple |     58 |     43 |     15 |      0 |     38 |   1 |   58.0 |
               +--------+--------+--------+--------+--------+-----+--------+

Top non-repeatable levels by time:
     D:9: 1268 daAuts
     D:8: 955 daAuts
     D:6: 726 daAuts
    D:11: 682 daAuts
     D:5: 652 daAuts
     D:7: 596 daAuts
    D:10: 592 daAuts
     D:4: 448 daAuts
     D:3: 259 daAuts
     D:1: 210 daAuts
     D:2: 146 daAuts
  Temple: 58 daAuts
